Unix NetHack Version 3.7.0-53 Work-in-progress - last build Apr 18 2022 03:42:42 (02b85442fffe0e2954e411e09df771b56fe27bbc,branch:master). Game began 2022-04-30 11:17:04, ended 2022-04-30 11:50:14. elenmirie, neutral female gnomish Healer ---- ----..| -- --.|.h.--.-- --..........-- |<...........| |......hi...-- ---.....@...| --......:.- --.......... -......G....... o.............*.... ----...............- --....-----....... ---..| ...-- --- -- Elenmirie the Rhizotomist St:12 Dx:8 Co:17 In:10 Wi:13 Ch:17 Neutral Dlvl:5 $:2385 HP:0(20) Pw:7(7) AC:7 Xp:1/4 T:1738 Latest messages: You hear crashing rock. You swap places with Coco. Coco bites the gnome. The gnome hits Coco. Coco misses the gnome. Coco bites the gnome. The gnome is killed! You hear crashing rock. The gecko strikes at your displaced image and misses you! Coco suddenly disappears! The gecko strikes at your displaced image and misses you! You stop. Coco is in the way! You find a falling rock trap. There is a falling rock trap here. A trap door in the ceiling opens and a rock falls on your head! You swap places with Coco. You see here 11 rocks. Suddenly, Coco disappears out of sight. In what direction? k That is a trap door. You descend the stairs. You see here a lamp called lamp 1. K - a lamp called lamp 1. You hear some noises in the distance. The homunculus bites! The hobbit wields a dagger! The homunculus bites! The hobbit thrusts his dagger. The hobbit hits! You hear crashing rock. What do you want to drink? [fstx or ?*] ? You feel much better. The hobbit thrusts his dagger. The hobbit hits! The homunculus bites! You are put to sleep by the homunculus! The hobbit thrusts his dagger. The hobbit hits! The homunculus bites! The hobbit thrusts his dagger. The hobbit hits! The homunculus bites! The hobbit thrusts his dagger. The hobbit hits! You die... Do you want your possessions identified? [ynq] (y) y Do you want to see your attributes? [ynq] (y) y Do you want an account of creatures vanquished? [ynaq] (y) y Do you want to see your conduct and achievements? [ynq] (y) y Do you want to see the dungeon overview? [ynq] (y) y Major events: Turn 1: elenmirie the neutral female gnomish Healer entered the dungeon 1447: entered the Gnomish Mines 1738: killed by a hobbit, while sleeping Inventory: Coins $ - 2385 gold pieces Weapons y - an uncursed +0 dagger (weapon in hand) J - 5 uncursed +0 daggers (at the ready) o - an uncursed +0 orcish dagger a - an uncursed +0 scalpel Armor b - an uncursed +1 pair of leather gloves (being worn) m - an uncursed +0 cloak of displacement (being worn) Comestibles k - 3 uncursed apples B - 2 uncursed tripe rations z - an uncursed lichen corpse G - an uncursed lichen corpse Scrolls F - an uncursed scroll of blank paper n - a blessed scroll of enchant armor A - an uncursed scroll of enchant armor E - a blessed scroll of food detection l - an uncursed scroll of taming Potions f - 2 uncursed potions of extra healing x - an uncursed potion of object detection t - an uncursed potion of oil s - an uncursed potion of water Wands H - a blessed wand of create monster (0:10) g - an uncursed wand of sleep (0:8) D - an uncursed wand of striking (0:3) Tools I - an uncursed brass lantern r - an uncursed oil lamp (lit) K - an uncursed oil lamp P - an uncursed stethoscope u - an uncursed tin whistle Elenmirie the Healer's attributes: Background: You were a Rhizotomist, a level 1 female gnomish Healer. You were neutral, on a mission for Hermes who was opposed by Athena (lawful) and Poseidon (chaotic). You were in the Gnomish Mines, on level 5. You entered the dungeon 1738 turns ago. There was a new moon in effect when your adventure ended. You had 4 experience points, 16 more were needed to attain level 2. Basics: You had 0 out of 20 hit points. You had all 7 energy points (spell power). Your armor class was 7. Your wallet contained 2385 zorkmids. Autopickup was on for '$' plus thrown. Final Characteristics: Your strength was 12 (limit:18/50). Your dexterity was 8 (limit:18). Your constitution was 17 (limit:18). Your intelligence was 10 (limit:19). Your wisdom was 13 (limit:18). Your charisma was 17 (limit:18). Final Status: You were not hungry. You were unencumbered. You were wielding a dagger. You were unskilled in dagger. Final Attributes: You were fervently aligned. You were poison resistant. You had infravision. You were displaced. You were warded. You are dead. Miscellaneous: You never encountered a bones level. Total elapsed playing time was 33 minutes and 7 seconds. Vanquished creatures: a gnome leader an acid blob 2 coyotes a hobbit 4 gnomes 4 geckos a jackal a fox a goblin 3 sewer rats 4 lichens 14 newts 37 creatures vanquished. No species were genocided or became extinct. Voluntary challenges: You read items or engraved 1 time. You never engraved Elbereth. You never genocided any monsters. You never polymorphed an object. You never changed form. You used no wishes. Achievements: You entered a shop. You entered the Gnomish Mines. The Dungeons of Doom: levels 1 to 4 Level 1: A fountain. Level 2: A scroll shop. Level 3: A scroll shop, a fountain. Stairs down to The Gnomish Mines. Level 4: The Gnomish Mines: levels 4 to 5 Level 4: Level 5: <- You were here. Final resting place for you, killed by a hobbit, while sleeping. Game over: ---------- / \ / REST \ / IN \ / PEACE \ / \ | elenmirie | | 2385 Au | | killed by a | | hobbit | | | | | | 2022 | *| * * * | * _________)/\\_//(\/(/\)/\//\/|_)_______ Goodbye elenmirie the Healer... You died in The Gnomish Mines on dungeon level 5 with 653 points, and 2385 pieces of gold, after 1738 moves. You were level 1 with a maximum of 20 hit points when you died.